 Dungeon Crawl Stone Soup version 0.25-a0-701-gb30f108f01 (webtiles) character file.

Game seed: 14411115234222154441, levelgen mode: deterministic

2937 DasRunzen the Skirmisher (level 9, 0/71 HPs)
             Began as a Demonspawn Fighter on Apr 3, 2020.
             Was a Priest of Okawaru.
             Slain by a killer bee (2 damage)
             ... on level 8 of the Dungeon.
             The game lasted 00:11:27 (6563 turns).

DasRunzen the Skirmisher (Demonspawn Fighter)       Turns: 6563, Time: 00:11:28

Health: 0/71       AC:  8    Str: 20    XL:     9   Next: 51%
Magic:  13/13      EV:  8    Int: 10    God:    Okawaru [***...]
Gold:   431        SH: 10    Dex: 12    Spells: 8/8 levels left

rFire    + . .     SeeInvis .   a - +1 trident
rCold    . . .     Gourm    .   c - +0 kite shield
rNeg     . . .     Faith    .   b - +0 scale mail
rPois    +         Spirit   .   (helmet restricted)
rElec    .         Reflect  .   j - scarf {cloud immunity}
rCorr    .         Harm     .   (no gloves)
MR       +....                  v - +0 pair of boots
Stlth    ..........             (no amulet)
HPRegen  0.21/turn              k - ring of poison resistance
MPRegen  0.13/turn              l - ring of protection from magic

@: lethally poisoned (0 -> -8)
A: claws 2, horns 2, talons 1, fire resistance 1, flame cloud immunity
a: Heroism, Renounce Religion


You were on level 8 of the Dungeon.
You worshipped Okawaru.
Okawaru was most pleased with you.
You were hungry.

You visited 2 branches of the dungeon, and saw 9 of its levels.

You collected 431 gold pieces.

Inventory:

Hand Weapons
 a - a +1 trident (weapon)
Armour
 b - a +0 scale mail (worn)
 c - a +0 kite shield (worn)
 j - a scarf of cloud immunity (worn)
 v - a +0 pair of boots (worn)
Jewellery
 e - an uncursed ring of stealth {unknown}
 k - a ring of poison resistance (left claw)
 l - a ring of protection from magic (right claw)
 t - a +3 ring of intelligence {unknown}
 A - a cursed -5 ring of protection {unknown}
Wands
 s - a wand of polymorph (13)
Scrolls
 m - a scroll of fear
 w - a scroll of remove curse
Potions
 d - a potion of might
 g - 4 potions of curing
 h - a potion of lignification
 n - a potion of brilliance
 o - 2 potions of haste
 p - a potion of cancellation
 q - a potion of ambrosia
 r - a potion of resistance
 u - a potion of invisibility
 z - a potion of stabbing {unknown}
Comestibles
 f - 13 rations


   Skills:
 + Level 6.8 Fighting
 + Level 5.8 Polearms
 + Level 6.3 Armour
 + Level 6.3 Shields
 + Level 6.1 Invocations


You had 8 spell levels left.
You didn't know any spells.
Your spell library contained the following spells:

 Spells                   Type           Power        Failure   Level  Hunger
 Beastly Appendage        Tmut           #.....       97%         1    ##.....
 Corona                   Hex            #......      97%         1    ##.....
 Magic Dart               Conj           #...         97%         1    ##.....
 Blink                    Tloc           N/A          99%         2    ###....
 Call Imp                 Summ           #.......     99%         2    ###....
 Ensorcelled Hibernation  Hex/Ice        #.....       99%         2    ###....
 Slow                     Hex            #.......     99%         2    ###....
 Sticks to Snakes         Tmut           #.......     99%         2    ###....
 Confusing Touch          Hex            #.......     100%        3    ####...
 Conjure Flame            Conj/Fire      #.......     100%        3    ####...
 Dazzling Flash           Conj/Hex       #.....       100%        3    ####...
 Mephitic Cloud           Conj/Pois/Air  #.......     100%        3    ####...
 Spider Form              Tmut/Pois      #.........   100%        3    ####...
 Tukima's Dance           Hex            #.......     100%        3    ####...
 Ice Form                 Ice/Tmut       #.......     100%        4    #####..
 Blade Hands              Tmut           #.........   100%        5    ######.


Dungeon Overview and Level Annotations

Branches:
Dungeon (8/15)             Temple (1/1) D:4
   Lair: D:8-11

Altars:
Ashenzari
Cheibriados
Dithmenos
Elyvilon
Fedhas
Gozag
Hepliaklqana
Makhleb
Nemelex Xobeh
Okawaru
Qazlal
Ru
Sif Muna
Trog
Uskayaw
Vehumet
Wu Jian
Xom
Yredelemnul
Zin
The Shining One

Shops:
D:7 *   D:8 ?


Innate Abilities, Weirdness & Mutations

You have very sharp fingernails.
You have a pair of horns on your head.
You have sharp toenails.
Your flesh is heat resistant. (rF+)
You are immune to clouds of flame.


Message History

* * * LOW HITPOINT WARNING * * *
You are more poisoned.
The killer bee poisons you! The killer bee closely misses you.
The quokka twitches its whiskers.
You barely miss the killer bee.
The killer bee is lightly wounded.
You feel sick. You block the killer bee's attack. The killer bee stings you.
* * * LOW HITPOINT WARNING * * *
You miss the killer bee.
The killer bee is lightly wounded.
* * * LOW HITPOINT WARNING * * *
You feel sick.
The killer bee stings you but does no damage. x2
You hit the killer bee.
The killer bee is moderately wounded.
* * * LOW HITPOINT WARNING * * *
You feel sick. You block the killer bee's attack. The killer bee stings you.
* * * LOW HITPOINT WARNING * * *
The killer bee stings you.
You die... ... ..: .rh

#y# #y#
#F# #y# #
#@# #.
#.# #.##
#.#
#...##.##
#.....#
#####
##..).#
....## #.
#.##.#
.....##
#. ##.#
.#
......#
#.###..#
##


You could see a black bear, a bullfrog, 3 killer bees and a quokka.

Vanquished Creatures
  A hippogriff (D:8)
  A water moccasin (D:5)
  2 phantoms
  A black bear (D:8)
  3 ice beasts
  3 ogres
  An orc warrior (D:6)
  A necrophage (D:8)
  2 centaurs
  3 bullfrogs
  3 scorpions
  2 killer bees (D:8)
  2 crimson imps
  A lava snake (D:7)
  2 centaur zombies
  A hound (D:6)
  A jelly (D:5)
  9 orc wizards
  3 orc priests
  2 bullfrog skeletons (D:6)
  Ijyb (D:4)
  4 worker ants
  An iguana (D:7)
  A hound zombie (D:8)
  A hound skeleton (D:8)
  A worker ant zombie (D:7)
  A howler monkey zombie (D:6)
  A howler monkey skeleton (D:8)
  13 adders
  A shadow imp (D:5)
  3 oozes
  An adder zombie (D:7)
  3 worms
  4 dart slugs
  4 leopard geckos
  32 orcs
  6 giant cockroaches
  10 goblins
  7 hobgoblins
  2 jackals (D:3)
  7 kobolds
  4 quokkas
  A ball python (D:1)
  5 bats
  4 frilled lizards
  A jackal zombie (D:7)
  A leopard gecko skeleton (D:7)
  6 rats
170 creatures vanquished.

Notes
Turn   | Place    | Note
-------+----------+-------------------------------------------
     0 | D:1      | DasRunzen the Demonspawn Fighter began the quest for the
                  | Orb.
     0 | D:1      | Reached XP level 1. HP: 18/18 MP: 1/1
   116 | D:1      | Gained mutation: You have sharp fingernails. [demonic
                  | ancestry]
   116 | D:1      | Reached XP level 2. HP: 23/24 MP: 2/2
   643 | D:1      | Gained mutation: You have a pair of small horns on your
                  | head. [demonic ancestry]
   643 | D:1      | Reached XP level 3. HP: 25/29 MP: 3/3
   969 | D:2      | Found a blossoming altar of Fedhas.
   969 | D:2      | Found a sacrificial altar of Ru.
   986 | D:2      | Gained mutation: You have very sharp fingernails. [demonic
                  | ancestry]
   986 | D:2      | Reached XP level 4. HP: 31/35 MP: 4/4
  1539 | D:3      | Gained mutation: You have a pair of horns on your head.
                  | [demonic ancestry]
  1539 | D:3      | Reached XP level 5. HP: 31/42 MP: 5/5
  1600 | D:3      | Noticed a phantom
  2003 | D:3      | Found a shimmering blue altar of Sif Muna.
  2019 | D:3      | Noticed a centaur
  2035 | D:3      | Killed a centaur
  2204 | D:4      | Noticed an ogre
  2215 | D:4      | Killed an ogre
  2215 | D:4      | Gained mutation: Your flesh is heat resistant. (rF+)
                  | [demonic ancestry]
  2215 | D:4      | Reached XP level 6. HP: 15/49 MP: 6/6
  2652 | D:4      | Noticed Ijyb
  2665 | D:4      | Killed Ijyb
  2665 | D:4      | Reached XP level 7. HP: 38/55 MP: 7/7
  2786 | D:4      | Found a staircase to the Ecumenical Temple.
  2978 | Temple   | Entered the Ecumenical Temple
  3019 | Temple   | Became a worshipper of Warmaster Okawaru
  3279 | D:5      | Entered Level 5 of the Dungeon
  3446 | D:5      | Reached skill level 1 in Invocations
  3464 | D:5      | Reached skill level 5 in Fighting
  3757 | D:6      | Reached * piety under Okawaru
  3845 | D:6      | Gained mutation: You have sharp toenails. [demonic
                  | ancestry]
  3845 | D:6      | Reached XP level 8. HP: 40/63 MP: 10/10
  3857 | D:6      | Reached skill level 5 in Armour
  4069 | D:6      | Reached skill level 5 in Shields
  5098 | D:7      | Reached ** piety under Okawaru
  5098 | D:7      | Reached skill level 5 in Polearms
  5307 | D:7      | Found Gioduch's Assorted Antiques.
  5454 | D:7      | Reached skill level 5 in Invocations
  5454 | D:7      | Gained mutation: You are immune to clouds of flame.
                  | [demonic ancestry]
  5454 | D:7      | Reached XP level 9. HP: 59/69 MP: 12/12
  6052 | D:8      | Found Neczoh's Magic Scroll Shoppe.
  6438 | D:8      | Reached *** piety under Okawaru
  6563 | D:8      | HP: 2/71 [killer bee (4)]
  6563 | D:8      | Slain by a killer bee

Levels and vault maps discovered:
D:1:      dpeg_arrival_rooms_b, layout_basic, minmay_cupped
D:2:      layout_basic, chequers_temple_overflow_statue_of_worship,
          serial_glass, glass_columns_a, glass_columns_a,
          minmay_strange_pillars, first_ration
D:3:      layout_loops_cross, lemuel_crystal_altar
D:4:      layout_loops_cross, minmay_temple_entry_metal_lava, uniq_ijyb
D:5:      layout_rooms, serial_park_tiny_pond
D:6:      layout_rooms
D:7:      layout_rooms, serial_shops, nicolae_shop_window_shopping,
          kennysheep_potato
D:8:      layout_rooms, serial_shops, shop_scrolls
Temple:   dpeg_five_rooms_temple

Skill      XL: |  1  2  3  4  5  6  7  8  9 |
---------------+----------------------------+-----
Polearms       | 2 3 4 5 |  5.8
Armour         | 3 4 5 6 |  6.3
Shields        | 3 4 5 6 |  6.3
Fighting       | 4 5 6 |  6.8
Invocations    | 3 5 6 |  6.1

Action                   |  1- 3 |  4- 6 |  7- 9 || total
-------------------------+-------+-------+-------++-------
Melee: Trident           |   162 |   193 |   481 ||   836
       Headbutt          |     4 |    29 |    78 ||   111
  Use: Scroll            |     4 |     6 |     7 ||    17
       Potion            |       |       |     2 ||     2
  Eat: Chunk             |       |     6 |    13 ||    19
Armor: Scale mail        |    40 |    50 |   171 ||   261
       Skin              |       |     5 |       ||     5
Dodge: Dodged            |    29 |    41 |   114 ||   184
Block: Kite shield       |    58 |    58 |   194 ||   310

Table legend:
 A = Non-vault XP
 B = Vault XP
 C = Vault XP percentage of total XP
 D = Non-vault monster count
 E = Vault monster count
 F = Vault count percentage of total count
                 A         B        C        D         E       F
            +---------+---------+-------+---------+---------+-------
      Total |    4151 |      45 |   1.1 |     166 |       4 |   2.4
            +---------+---------+-------+---------+---------+-------
        D:1 |      36 |       7 |  16.3 |      20 |       3 |  13.0
        D:2 |     105 |       0 |   0.0 |      24 |       0 |   0.0
        D:3 |     192 |       0 |   0.0 |      20 |       0 |   0.0
        D:4 |     368 |      38 |   9.4 |      13 |       1 |   7.1
        D:5 |     416 |       0 |   0.0 |      21 |       0 |   0.0
        D:6 |    1083 |       0 |   0.0 |      22 |       0 |   0.0
        D:7 |     827 |       0 |   0.0 |      27 |       0 |   0.0
        D:8 |    1124 |       0 |   0.0 |      19 |       0 |   0.0
            +---------+---------+-------+---------+---------+-------
